 Dungeon Crawl Stone Soup version 0.30-a0-586-g23e55c9e0a (console) character file.

Game seed: 620388589860617888

921 petzl the Sneak (level 8, 0/58 (60) HPs)
             Began as a Formicid Delver on Jan 3, 2023.
             Was an Initiate of Vehumet.
             Shot with an arrow by a centaur warrior (13 damage)
             ... on level 15 of the Dungeon.
             The game lasted 00:26:00 (5029 turns).

petzl the Sneak (Formicid Delver)                   Turns: 5029, Time: 00:26:01

HP:   0/58 (60)     AC:  5    Str: 17    XL:     8   Next: 31%
MP:   16/16         EV: 17    Int: 12    God:    Vehumet [......]
Gold: 500           SH:  0    Dex: 19    Spells: 11/18 levels left

rFire   . . .      SeeInvis +    b - +3 shortbow "Wepipops" {freeze, Dex+4}
rCold   . . .      Faith    .    (no shield)
rNeg    + . .      Spirit   .    k - +0 leather armour
rPois   .          Reflect  .    (helmet unavailable)
rElec   .          Harm     .    z - +0 cloak
rCorr   .          Rampage  .    A - +0 pair of gloves
Will    .....                    (no boots)
Stlth   +++                      (no amulet)
HPRegen 0.29/turn                D - +5 ring of evasion
MPRegen 0.15/turn                K - ring of positive energy

@: lightly drained
A: permanent stasis, dig shafts and tunnels, antennae 3, four strong arms
a: Dig, Shaft Self, Renounce Religion


You were on level 15 of the Dungeon.
You worshipped Vehumet.
Vehumet was noncommittal.
You visited 2 branches of the dungeon, and saw 16 of its levels.

You collected 500 gold pieces.

Inventory:

Hand Weapons
 a - a +0 dagger of venom {!f =f}
 b - the +3 shortbow "Wepipops" (weapon) {freeze, Dex+4}
   (You found it on level 4 of the Dungeon)

   Any ammunition fired from it freezes those it strikes, dealing additional
   cold damage.
   It can also slow down cold-blooded creatures.
   Dex:       It affects your dexterity (+4).
 F - a +0 scimitar
Missiles
 j - 58 stones
 p - 20 poisoned darts
Armour
 i - a +0 cloak
 k - a +0 leather armour (worn)
 z - a +0 cloak (worn)
 A - a +0 pair of gloves (worn)
Magical Staves
 l - a staff of conjuration
Jewellery
 o - the Hermit's Pendant {Faith Invo=14 Evo=0 MP+5}
   (You found it on level 2 of the Dungeon)

   [amulet of faith]

   It sets your invocations skill to 14 and your evocations skill to 0.
   It allows you to gain divine favour quickly.
   MP:        It affects your magic capacity (+5).
 D - a +5 ring of evasion (left hand)
 J - an amulet of guardian spirit
 K - a ring of positive energy (right hand)
Wands
 g - a wand of digging (3)
 C - a wand of roots (13)
 G - a wand of flame (4)
Scrolls
 d - a scroll of magic mapping
 m - 2 scrolls of amnesia
 n - 4 scrolls of poison
 s - 2 scrolls of enchant armour
 t - 2 scrolls of silence
 y - a scroll of enchant weapon
 E - 3 scrolls of identify
Potions
 f - a potion of haste
 h - 2 potions of flight {unknown}
 q - 3 potions of heal wounds {unknown}
 r - a potion of lignification {unknown}
 u - a potion of mutation {unknown}
 v - a potion of invisibility {unknown}
 w - 2 potions of berserk rage {unknown}
 x - a potion of might {unknown}
 B - a potion of degeneration {unknown}
 H - a potion of curing {unknown}
 I - a potion of cancellation {unknown}


   Skills:
 + Level 4.2 Fighting
 - Level 2.4 Maces & Flails
 - Level 4.0 Ranged Weapons
 - Level 2.2 Dodging
 - Level 6.3 Stealth
 + Level 5.5 Spellcasting
 + Level 1.5 Conjurations
 + Level 1.7 Transmutations
 * Level 3.5 Poison Magic


You had 11 spell levels left.
You knew the following spells:

 Your Spells              Type           Power      Damage    Failure   Level
I - Ignite Poison         Fire/Tmut/Pois 7%         N/A       34%         3
T - Olgreb's Toxic Radia  Pois           11%        N/A       50%         4

Your spell library contained the following spells:

 Spells                   Type           Power      Damage    Failure   Level
 Necrotise                Necr           12%        1d4       24%         1
 Portal Projectile        Hex/Tloc       6%         N/A       56%         3
 Tukima's Dance           Hex            3%         N/A       56%         3
 Vampiric Draining        Necr           3%         2d6       56%         3
 Blade Hands              Tmut           3%         N/A       97%         5
 Agony                    Necr           3%         N/A       100%        5


Dungeon Overview and Level Annotations

Branches:
Dungeon (15/15)            Temple (1/1) D:7
   Lair: D:8-11         Orc: D:9-12      Vaults: D:13-14     Depths: D:15

Altars:
Ashenzari
Cheibriados
Dithmenos
Elyvilon
Fedhas
Gozag
Hepliaklqana
Makhleb
Nemelex Xobeh
Okawaru
Sif Muna
Trog
Uskayaw
Vehumet
Yredelemnul
Zin

Annotations:
D:2 exclusion: downstairs
D:3 exclusion: upstairs, Pargi, Sigmund
D:4 exclusion: upstairs
D:8 exclusions: 2 downstairs and troll
D:9 exclusion: wyvern
D:10 exclusion: 2 killer bees, Nergalle
D:13 exclusion: downstairs
D:14 exclusions: downstairs and upstairs


Innate Abilities, Weirdness & Mutations

You cannot be hasted, slowed, berserked, paralysed or teleported.
You can dig through walls and to a lower floor.
You have a pair of large antennae on your head. (SInv)
Your four strong arms can wield two-handed weapons with a shield.


Message History

HP restored.
You open the door.
There is an open door here.
A centaur warrior comes into view.
The centaur warrior shouts!
The centaur warrior wields a +0 shortbow.
The centaur warrior shoots an arrow.
The arrow hits you!
The centaur warrior shoots an arrow.
The arrow closely misses you.
You open the door.
The centaur warrior shoots an arrow.
The arrow completely misses you.
The centaur warrior shoots an arrow.
The arrow hits you!
There is an open door, spattered with blood here.
The centaur warrior shoots an arrow.
The arrow hits you!!
* * * LOW HITPOINT WARNING * * *
You close the door.
Okay, then.
Okay, then.
Something unseen opens the door.
As you read the scroll of fear, it crumbles to dust.
You assume a fearsome visage.
The centaur warrior easily resists.
The centaur warrior shoots an arrow.
The arrow barely misses you.
Okay, then.
Okay, then.
Unknown command.
Unknown command.
Unknown command.
Unknown command.
Unknown command.
As you read the scroll of fog, it crumbles to dust.
The scroll dissolves into smoke.
Found 31 gold pieces.
The centaur warrior shoots an arrow.
The arrow closely misses you.
Okay, then.
Unknown command.
Unknown command.
Okay, then.
You extend your mandibles.
You dig through the rock wall.
You feel drained.
You retract your mandibles.
The centaur warrior shoots an arrow.
The arrow hits you.
* * * LOW HITPOINT WARNING * * *
The centaur warrior shoots an arrow.
The arrow hits you!
You die...

#..... #..... #....#
#....####### #......$....
#........... #...#
#........... #...# ..
#§§c........ #...# ....#
#§§#.######+##...# ....#
##c§#^........#...###....#
#§§§#@...##...#...........
#§§§#.........#...........
#§§§#.........'...........
#..§#§........#...........
#...§§........#...........
#####§........############
.................
..................
..................
........c...#.....
............#....
............# ..
.............


You could see a centaur warrior.

Vanquished Creatures
  A centaur (D:9)
  A scorpion (D:6)
  3 bullfrogs
  A necrophage (D:4)
  A jelly (D:7)
  4 hounds
  An orc priest (D:4)
  2 iguanas
  Terence (D:2)
  2 orc wizards
  Robin (D:2)
  4 gnolls (D:2)
  4 adders
  A shadow imp (D:4)
  2 white imps (D:6)
  An ufetubus (D:5)
  A worm (D:2)
  2 dart slugs
  15 orcs
  8 ball pythons
  6 endoplasms
  A giant cockroach (D:1)
  12 goblins
  5 hobgoblins
  2 jackals (D:2)
  3 quokkas
  5 bats
  13 frilled lizards
  5 kobolds
  3 rats
111 creatures vanquished.

Notes
Turn   | Place    | Note
-------+----------+-------------------------------------------
     0 | D:5      | petzl the Formicid Delver began the quest for the Orb.
     0 | D:5      | Reached XP level 1. HP: 18/18 MP: 1/1
    86 | D:3      | Noticed Sigmund
   112 | D:4      | Identified the +3 shortbow "Wepipops" {freeze, Dex+4}
   151 | D:3      | Noticed an iguana
   218 | D:2      | Found the Hermit's Pendant {Faith Invo=14 Evo=0 MP+5}
   226 | D:2      | Reached XP level 2. HP: 24/24 MP: 2/2
   233 | D:2      | Reached XP level 3. HP: 29/29 MP: 3/3
   280 | D:2      | Noticed Terence
   296 | D:2      | Reached skill level 1 in Spellcasting
   458 | D:2      | Reached XP level 4. HP: 37/37 MP: 4/6
   720 | D:2      | Killed Terence
   721 | D:2      | Reached skill level 1 in Ranged Weapons
   828 | D:1      | Reached XP level 5. HP: 42/42 MP: 8/8
   861 | D:1      | Got the Encyclopedia of the Geodesic and the Dose
  1905 | D:2      | Noticed Robin
  1923 | D:2      | Killed Robin
  2414 | D:4      | Reached XP level 6. HP: 48/48 MP: 10/10
  2447 | D:4      | You fall into a shaft and drop 2 floors!
  2642 | D:7      | Reached XP level 7. HP: 49/53 MP: 13/13
  2663 | D:7      | Found a staircase to the Ecumenical Temple.
  2669 | Temple   | Entered the Ecumenical Temple
  3110 | D:6      | Found a basalt altar of Yredelemnul.
  3128 | D:6      | Reached skill level 5 in Spellcasting
  3134 | D:6      | Found a radiant altar of Vehumet.
  3141 | D:6      | Learned a level 4 spell: Olgreb's Toxic Radiance
  3145 | D:6      | Learned a level 3 spell: Ignite Poison
  3189 | D:6      | Became a worshipper of Vehumet
  3304 | D:5      | Reached skill level 1 in Poison Magic
  3390 | D:4      | Reached skill level 1 in Transmutations
  3582 | D:4      | Reached XP level 8. HP: 60/60 MP: 15/15
  3911 | D:3      | Noticed Pargi
  3916 | D:3      | You fall into a shaft and drop 3 floors!
  4001 | D:5      | You fall into a shaft and drop 3 floors!
  4022 | D:8      | Reached skill level 1 in Conjurations
  4084 | D:9      | Noticed a wyvern
  4117 | D:9      | Noticed a wraith
  4142 | D:8      | Noticed a troll
  4157 | D:8      | You fall into a shaft and drop 2 floors!
  4157 | D:10     | Entered Level 10 of the Dungeon
  4288 | D:10     | Noticed Nergalle
  4313 | D:10     | Found a white marble altar of Elyvilon.
  4360 | D:10     | You fall into a shaft and drop 3 floors!
  4418 | D:11     | Noticed a troll
  4419 | D:11     | Noticed a wraith
  4437 | D:11     | You fall into a shaft and drop 2 floors!
  4462 | D:14     | Noticed a slime creature
  4462 | D:14     | Noticed a slime creature
  4462 | D:14     | Noticed a slime creature
  4473 | D:13     | Noticed a rakshasa
  4478 | D:13     | Noticed a gargoyle
  4484 | D:13     | You fall into a shaft and drop 1 floor!
  4692 | D:14     | Noticed a centaur warrior
  4695 | D:14     | You fall into a shaft and drop 1 floor!
  4695 | D:15     | Entered Level 15 of the Dungeon
  4805 | D:15     | Noticed a cyclops
  4836 | D:14     | You fall into a shaft and drop 1 floor!
  5013 | D:15     | Noticed a centaur warrior
  5029 | D:15     | Shot with an arrow by a centaur warrior

Illustrated notes

Levels and vault maps discovered:
D:1:      dpeg_arrival_renting, layout_basic, minmay_lizard_pond
D:2:      wander_river, layout_basic, uniq_robin, uniq_terence
D:3:      layout_basic, nicolae_ru_path_of_blood,
          nicolae_qazlal_general_emergency, basic_ecumenical_altar, hex_tiny,
          uniq_natasha, uniq_pargi, uniq_sigmund
D:4:      layout_loops_corners, doesnt_xom_only_xom, gup_sewer_entry_bubbles,
          minmay_pentomino_pile
D:5:      layout_rooms, minmay_crystal_water
D:6:      layout_rooms, nzn_wu_jian_council_hall,
          mainiacjoe_overflow_catwalk_spiral,
          amcnicky_mini_rare_corridor_liquid, nicolae_water_bricks
D:7:      layout_rooms, minmay_temple_entry_fiery, minmay_manual_monstrance
D:8:      layout_rooms, serial_shops, shop, hangedman_abyss_or_decor_clamps,
          kennysheep_diamond
D:9:      layout_long_grid, minivault_23
D:10:     layout_cave_pools, lemuel_round_altar, grunt_temple_overflow_open,
          serial_column_ruins, column_ruins_grid_5,
          column_ruins_corridor_straight, column_ruins_open_medium,
          column_ruins_open_large, worms_lemuel, uniq_nergalle
D:11:     kennysheep_blocky_room, layout_basic, dpeg_lair_monsters, orc_0_dummy
D:12:     layout_gridville, uniq_jorgrun
D:13:     layout_basic, portal_ice_cave_entry_animals_and_master,
          gauntlet_entry_generic, minivault_5, uniq_maurice
D:14:     layout_roguey, hangedman_vaults_entry_quadrant_bands,
          serial_bayou_shore_b
D:15:     grunt_enter_depths_magical_seal, layout_stronghold, serial_shops,
          shop, fiery_altar_vehumet, minmay_protected_statue
Temple:   compressed_dpeg_triangle_lava_temple

Skill      XL: |  1  2  3  4  5  6  7  8 |
---------------+-------------------------+-----
Dodging        | 2 |  2.2
Spellcasting   | 1 2 3 4 5 |  5.5
Ranged Weapons | 1 2 3 4 |  4.0
Poison Magic   | 2 3 |  3.5
Transmutations | 1 |  1.7
Fighting       | 4 |  4.2
Conjurations   | 1 |  1.5
Maces & Flails | |  2.4
Stealth        | |  6.3

Action                   |  1- 3 |  4- 6 |  7- 9 || total
-------------------------+-------+-------+-------++-------
Melee: Mace              |     1 |       |       ||     1
       Dagger            |       |       |     1 ||     1
 Fire: Shortbow          |    18 |   144 |    83 ||   245
Throw: Dart              |       |     6 |       ||     6
 Abil: Shaft Self        |       |     1 |     8 ||     9
       Dig               |       |       |     1 ||     1
Evoke: Wand              |       |       |     2 ||     2
  Use: Scroll            |       |     5 |     3 ||     8
 Stab: Sleeping          |     1 |       |     1 ||     2
Armor: Leather armour    |     3 |    13 |    12 ||    28
Dodge: Dodged            |    10 |    26 |    52 ||    88

Table legend: (Time is in decaauts)
 A = Elapsed time spent in this place.
 B = Non-inter-level travel time spent in this place.
 C = Inter-level travel time spent in this place.
 D = Time resting spent in this place.
 E = Time spent auto-exploring this place.
 F = Levels seen in this place.
 G = Mean time per level.
                   A        B        C        D        E       F      G
               +--------+--------+--------+--------+--------+-----+--------+
         Total |   5139 |   4910 |    229 |    647 |   2112 |  16 |  321.2 |
       Dungeon |   4899 |   4670 |    229 |    647 |   1890 |  15 |  326.6 |
        Temple |    239 |    239 |      0 |      0 |    222 |   1 |  239.0 |
               +--------+--------+--------+--------+--------+-----+--------+

Top non-repeatable levels by time:
     D:1: 985 daAuts
     D:2: 881 daAuts
     D:4: 764 daAuts
     D:6: 484 daAuts
     D:3: 424 daAuts
    D:15: 317 daAuts
  Temple: 239 daAuts
    D:14: 219 daAuts
    D:10: 204 daAuts
     D:7: 165 daAuts
     D:5: 163 daAuts
     D:9: 104 daAuts
    D:13: 68 daAuts
     D:8: 54 daAuts
    D:11: 34 daAuts
